 Dungeon Crawl Stone Soup version 0.26-a0-30-g56b8cd3df0 (webtiles) character file.

Game seed: 2750244638627125393, levelgen mode: deterministic

1253 MisterFreud the Nimble (level 8, -6/54 HPs)
             Began as an Octopode Gladiator on May 28, 2020.
             Was a Follower of Cheibriados.
             Mangled by an orc warrior
             ... wielding a +0 war axe
              (17 damage)
             ... on level 6 of the Dungeon.
             The game lasted 00:14:41 (6153 turns).

MisterFreud the Nimble (Octopode Gladiator)         Turns: 6153, Time: 00:14:42

Health: -6/54      AC:  2    Str: 15    XL:     8   Next: 51%
Magic:  8/8        EV: 19    Int: 14    God:    Cheibriados [*.....]
Gold:   258        SH:  0    Dex: 16    Spells: 7/7 levels left

rFire    . . .     SeeInvis .   i - +1 long sword (holy)
rCold    . . .     Gourm    .   (no shield)
rNeg     . . .     Faith    .   b - +1 hat
rPois    .         Spirit   .   k - amulet of the acrobat
rElec    .         Reflect  .   t - ring of flight
rCorr    .         Harm     .   (no ring)
MR       .....                  (no ring)
Stlth    ++........             (no ring)
HPRegen  0.18/turn              (no ring)
MPRegen  0.11/turn              (no ring)
                                (no ring)
                                (no ring)

@: very slow
A: almost no armour, stealthy swim, amphibious, 8 rings, constrict 8, camouflage
1, gelatinous body 1
a: Bend Time, Renounce Religion, Evoke Flight


You were on level 6 of the Dungeon.
You worshipped Cheibriados.
Cheibriados was aware of your devotion.
You were not hungry.

You visited 2 branches of the dungeon, and saw 7 of its levels.

You collected 258 gold pieces.

Inventory:

Hand Weapons
 a - a +1 long sword
 i - a +1 long sword of holy wrath (weapon)
Missiles
 c - 3 throwing nets (quivered)
 r - 4 boomerangs
Armour
 b - a +1 hat (worn)
Jewellery
 e - an uncursed amulet of magic regeneration
 k - an amulet of the acrobat (around mantle)
 t - a ring of flight (left tentacle)
Scrolls
 f - 7 scrolls of identify
 m - 2 scrolls of enchant weapon
 n - 4 scrolls of remove curse
 o - a scroll of teleportation
 v - a scroll of amnesia
 w - a scroll of immolation {unknown}
 x - a scroll of fog
Potions
 h - a potion of flight
 j - a potion of stabbing
 l - a potion of berserk rage
Comestibles
 d - 8 rations
 u - 6 chunks of flesh


   Skills:
 - Level 4.0 Fighting
 + Level 6.5 Long Blades
 - Level 2.0 Throwing
 - Level 8.0 Dodging


You had 7 spell levels left.
You didn't know any spells.
Your spell library contained the following spells:

 Spells                   Type           Power        Failure   Level  Hunger
 Animate Skeleton         Necr           N/A          28%         1    ##.....
 Apportation              Tloc           #.....       28%         1    ##.....
 Corona                   Hex            #......      28%         1    ##.....
 Summon Small Mammal      Summ           #...         28%         1    ##.....


Dungeon Overview and Level Annotations

Branches:
Dungeon (6/15)             Temple (1/1) D:5

Altars:
Cheibriados
Elyvilon
Fedhas
Gozag
Okawaru
Sif Muna
Yredelemnul
Zin

Shops:
D:5 :


Innate Abilities, Weirdness & Mutations

You cannot wear most types of armour.
You are very stealthy in the water. (Stealth+)
You are amphibious.
You can wear up to eight rings at the same time.
You can use your tentacles to constrict eight enemies at once.
Your skin changes colour to match your surroundings (Stealth+).
Your rubbery body absorbs attacks. (AC +1, EV +1)


Message History

You hit the orc warrior.
You squeeze the orc warrior, but do no damage.
The orc warrior is lightly wounded.
You constrict the orc warrior, but do no damage.
Unknown command.
Unknown command.
Okay, then.
You hit the orc warrior but do no damage.
The orc warrior is lightly wounded.
You constrict the orc warrior.
The orc warrior hits you but does no damage.
You slash the orc warrior!
The orc warrior is severely wounded.
You constrict the orc warrior. The orc warrior completely misses you.
You hit the orc warrior but do no damage.
You squeeze the orc warrior.
The orc warrior is severely wounded.
You constrict the orc warrior.
The orc warrior hits you with a +0 war axe!
You die...

#######........[o
#..[..........#
#.............#
#..........)..#
#........[.†..# ..
####.............###....
....................>#
####............o###.#
################@#
....... #.# .......
#.....# ...### #####.#
...# ...# ...# .### ##


You could see an orc warrior.

Vanquished Creatures
  An orc warrior (D:6)
  A sky beast (D:5)
  A phantom (D:5)
  An ogre (D:4)
  A centaur (D:5)
  3 bullfrogs
  2 howler monkeys
  A crimson imp (D:6)
  A bullfrog skeleton (D:5)
  4 orc wizards
  5 worker ants
  An iguana (D:6)
  A hound skeleton (D:4)
  6 adders
  2 gnolls
  3 river rats (D:3)
  An ooze (D:1)
  3 worms
  A dart slug (D:3)
  6 leopard geckos
  6 orcs
  6 ball pythons
  7 giant cockroaches
  8 goblins
  9 hobgoblins
  7 jackals
  A quokka (D:5)
  9 bats
  7 frilled lizards
  8 kobolds
  A quokka skeleton (D:4)
  9 rats
123 creatures vanquished.

Notes
Turn   | Place    | Note
-------+----------+-------------------------------------------
     0 | D:1      | MisterFreud the Octopode Gladiator began the quest for the
                  | Orb.
     0 | D:1      | Reached XP level 1. HP: 14/14 MP: 1/1
   129 | D:1      | Reached XP level 2. HP: 19/20 MP: 2/2
   718 | D:1      | Reached XP level 3. HP: 20/26 MP: 3/3
  1274 | D:2      | Reached XP level 4. HP: 25/33 MP: 4/4
  2398 | D:2      | Reached XP level 5. HP: 4/37 MP: 5/5
  2793 | D:3      | Found a glowing drain.
  3030 | D:3      | Found a shimmering blue altar of Sif Muna.
  3070 | D:3      | Reached skill level 5 in Long Blades
  3071 | D:3      | Reached XP level 6. HP: 11/43 MP: 6/6
  3299 | D:3      | Identified Sif Muna's Papyrus of the Oath
  3434 | D:3      | Found a glowing silver altar of Zin.
  3507 | D:3      | Found a white marble altar of Elyvilon.
  4347 | D:4      | Found an iron altar of Okawaru.
  4510 | D:4      | Reached skill level 4 in Dodging
  4551 | D:4      | Found an opulent altar of Gozag.
  4563 | D:4      | Reached XP level 7. HP: 17/48 MP: 7/7
  4774 | D:4      | Found a blossoming altar of Fedhas.
  4940 | D:5      | Entered Level 5 of the Dungeon
  5096 | D:5      | Reached skill level 5 in Dodging
  5138 | D:5      | Found a staircase to the Ecumenical Temple.
  5235 | Temple   | Entered the Ecumenical Temple
  5243 | Temple   | Became a worshipper of Cheibriados the Contemplative
  5282 | D:5      | Reached skill level 6 in Dodging
  5351 | D:5      | Found Vehu's Book Shop.
  5594 | D:5      | Found a basalt altar of Yredelemnul.
  5763 | D:5      | Reached skill level 7 in Dodging
  5763 | D:5      | Reached XP level 8. HP: 31/54 MP: 8/8
  6102 | D:6      | Reached * piety under Cheibriados
  6117 | D:6      | Reached skill level 8 in Dodging
  6153 | D:6      | Mangled by an orc warrior

Illustrated notes

Levels and vault maps discovered:
D:1:      dpeg_arrival_brainrot, layout_basic, serial_forest,
          infiniplex_forest_straight_4, infiniplex_forest_end_1,
          infiniplex_forest_clump_large, infiniplex_forest_clump_diagonal,
          infiniplex_forest_clump_small, infiniplex_forest_straight_3,
          infiniplex_forest_clump_curved
D:2:      layout_loops_ring, minmay_shallow_snake_nest
D:3:      layout_loops_cross, elyvilon_altar_1, old_standard_altar,
          led_sif_book, portal_sewer_entry_b, minmay_fractal_squares_5
D:4:      layout_basic, old_standard_altar, kennysheep_okawaru_gauntlet,
          lemuel_tele_altar
D:5:      layout_loops_ring, nicolae_overflow_hidden_temple,
          minmay_temple_entry_waves, first_ration, serial_shops,
          nicolae_shop_crystal
D:6:      nicolae_whirlpool, layout_basic
Temple:   dpeg_chambers_temple

Skill      XL: |  1  2  3  4  5  6  7  8 |
---------------+-------------------------+-----
Fighting       | 3 4 |  4.0
Long Blades    | 4 5 6 |  6.5
Dodging        | 4 7 8 |  8.0
Throwing       | |  2.0

Action                   |  1- 3 |  4- 6 |  7- 9 || total
-------------------------+-------+-------+-------++-------
Melee: Long sword        |    57 |   105 |    85 ||   247
       Constrict         |    18 |    33 |    16 ||    67
       Tentacles         |    19 |    21 |    20 ||    60
  Use: Scroll            |       |    11 |     3 ||    14
       Potion            |       |       |     4 ||     4
 Stab: Sleeping          |     3 |     8 |     1 ||    12
  Eat: Chunk             |     1 |    10 |     6 ||    17
Armor: Skin              |     6 |     7 |    25 ||    38
Dodge: Dodged            |    61 |    77 |    55 ||   193
       Rpst.: Long sword |    19 |    33 |    14 ||    66

Table legend:
 A = Non-vault XP
 B = Vault XP
 C = Vault XP percentage of total XP
 D = Non-vault monster count
 E = Vault monster count
 F = Vault count percentage of total count
                 A         B        C        D         E       F
            +---------+---------+-------+---------+---------+-------
      Total |    1629 |     161 |   9.0 |     103 |      20 |  16.3
            +---------+---------+-------+---------+---------+-------
        D:1 |      59 |       5 |   7.8 |      30 |       1 |   3.2
        D:2 |      64 |      19 |  22.9 |      20 |       5 |  20.0
        D:3 |      70 |     134 |  65.7 |      13 |      12 |  48.0
        D:4 |     368 |       3 |   0.8 |      15 |       2 |  11.8
        D:5 |     595 |       0 |   0.0 |      11 |       0 |   0.0
        D:6 |     473 |       0 |   0.0 |      14 |       0 |   0.0
            +---------+---------+-------+---------+---------+-------
